Map: Magannatha LE

Players

LigerMaNN - Winner!

  • Race: Zerg Zerg
  • League: Diamond
  • Spawn Location: 11:00

Variance

  • Race: Zerg Zerg
  • Spawn Location: 5:00

VOD

Have the link to the VOD?

Description

Time

  • Played on: June 28, 2025, 2:57 p.m.
  • Length: 11:12
Show
View Real Time Build Order
Export as new Build Order

LigerMaNN Zerg - Winner!

Build Orders: Hatch First 

Get SALT Encoding   

  12  0:01  Drone  
  13  0:13  Overlord  
  13  0:22  Drone  
  14  0:31  Drone x2  
  14  0:35  Drone  
  17  0:52  Hatchery  
  17  0:54  Drone  
  17  0:59  Drone  
  18  1:13  Extractor  
  18  1:16  Spawning Pool  
  18  1:18  Drone  
  17  1:21  Drone  
  18  1:28  Drone  
  19  1:39  Drone  
  20  1:50  Drone  
  21  2:04  Queen  
  21  2:05  Queen  
  21  2:07  Overlord  
  21  2:08  Zergling x2  
  26  2:13  Zergling x2  
  27  2:17  Metabolic Boost  
  27  2:32  Hatchery  
  26  2:41  Queen  
  28  2:45  Drone  
  28  2:47  Drone  
  28  2:50  Drone  
  31  2:55  Overlord  
  31  2:59  Drone  
  31  3:03  Drone  
  31  3:04  Drone  
  34  3:06  Drone  
  35  3:23  Baneling Nest  
  36  3:27  Drone x2  
  36  3:28  Zergling x4  
  36  3:29  Zergling x6  
  36  3:30  Zergling x2  
  40  4:04  Queen  
  40  4:05  Drone x8  
  49  4:24  Roach Warren  
  49  4:25  Evolution Chamber  
  49  4:27  Drone  
  49  4:28  Drone, Extractor  
  49  4:29  Drone  
  49  4:33  Extractor  
  49  4:34  Overlord x4, Extractor  
  47  4:51  Zerg Missile Weapons Level 1  
  47  4:53  Lair  
  47  4:55  Drone  
  47  4:56  Drone x2  
  47  4:58  Drone x3  
  47  4:59  Overlord x2  
  48  5:26  Drone x2  
  48  5:27  Drone  
  48  5:28  Drone x10  
  61  5:39  Roach x2  
  61  5:40  Roach x4  
  61  5:42  Roach  
  75  5:44  Roach  
  75  5:47  Overlord  
  77  5:50  Overlord  
  77  6:00  Roach x4  
  77  6:01  Roach  
  77  6:03  Glial Reconstitution  
  87  6:10  Burrow  
  87  6:28  Roach x8  
  103  6:34  Zergling x14  
  103  6:35  Zergling x2  
  111  6:48  Roach  
  111  6:50  Overlord x2  
  111  6:51  Overlord x2  
  113  7:03  Zerg Missile Weapons Level 2  
  113  7:09  Roach x8  
  113  7:11  Roach  
  113  7:12  Overlord  
  113  7:15  Overlord  
  131  7:22  Tunneling Claws  
  129  7:49  Roach x14  
  123  8:10  Roach x7  
  103  8:35  Roach  
  103  8:36  Roach x6  
  117  8:50  Roach  
  117  8:52  Roach  
  107  9:08  Ravager  
  103  9:16  Roach  
  103  9:17  Roach x14  
  99  9:44  Roach  
  99  9:45  Drone x3, Extractor, Roach x4  
  101  9:46  Drone  
  101  9:47  Drone x2, Extractor  
  101  9:50  Overlord x4  
  101  9:52  Roach x3  
  109  10:01  Hatchery  
  106  10:32  Roach x10  
  106  10:33  Roach x5  
  132  10:36  Hatchery  
  123  10:47  Roach x4  
Show
View Real Time Build Order
Export as new Build Order

Variance Zerg 

Build Orders: Hatch First 

Get SALT Encoding   

  12  0:01  Drone  
  13  0:12  Overlord  
  13  0:18  Drone  
  14  0:43  Drone x3  
  17  0:52  Hatchery  
  17  0:54  Drone  
  17  0:57  Extractor  
  16  1:06  Drone  
  17  1:16  Spawning Pool  
  16  1:22  Drone  
  17  1:29  Drone  
  18  1:38  Drone  
  19  1:55  Overlord  
  19  2:04  Queen x2  
  19  2:05  Zergling x4  
  25  2:11  Metabolic Boost  
  25  2:14  Drone  
  26  2:19  Drone  
  26  2:21  Drone  
  28  2:27  Drone  
  29  2:33  Drone  
  30  2:51  Drone, Overlord  
  31  2:58  Hatchery  
  30  3:10  Drone x5  
  35  3:17  Drone  
  35  3:18  Drone  
  35  3:19  Drone x4  
  41  3:28  Roach Warren  
  41  3:29  Extractor  
  39  3:35  Queen  
  39  3:41  Drone  
  42  3:42  Spine Crawler  
  41  3:52  Queen  
  43  3:57  Drone  
  43  4:03  Overlord  
  43  4:09  Overlord  
  43  4:10  Overlord  
  43  4:12  Queen  
  45  4:23  Lair  
  45  4:38  Drone x4  
  49  4:39  Roach x5  
  59  4:54  Drone x3  
  62  5:03  Drone x7  
  66  5:21  Drone x10  
  66  5:24  Overlord  
  66  5:27  Spine Crawler  
  74  5:35  Drone  
  74  5:37  Overlord, Evolution Chamber  
  74  5:38  Overlord  
  74  5:39  Evolution Chamber  
  72  5:49  Extractor  
  71  5:56  Extractor  
  70  5:58  Drone x3, Extractor  
  70  6:00  Drone  
  70  6:01  Drone x5, Extractor  
  70  6:03  Drone x3  
  80  6:08  Spore Crawler  
  79  6:14  Spine Crawler, Spore Crawler  
  79  6:16  Overseer  
  77  6:20  Drone x2  
  79  6:26  Drone x4  
  83  6:33  Hatchery  
  83  6:35  Drone x2, Hydralisk Den  
  83  6:36  Drone  
  83  6:39  Drone x2  
  86  6:45  Zergling x16  
  94  6:48  Roach  
  94  6:49  Roach  
  94  6:50  Overlord  
  94  6:51  Overlord x2  
  98  7:01  Spine Crawler  
  97  7:17  Hatchery  
  95  7:34  Roach x13  
  120  7:47  Evolution Chamber  
  120  7:48  Evolution Chamber  
  120  7:49  Hydralisk  
  120  7:50  Zergling x20  
  104  8:06  Zergling x14  
  104  8:07  Queen  
  104  8:08  Queen x3  
  101  8:14  Hydralisk  
  101  8:15  Hydralisk x5  
  105  8:21  Roach Warren  
  100  8:38  Zerg Ground Armor Level 1  
  100  8:41  Queen  
  99  8:43  Hydralisk x7  
  99  8:44  Hydralisk x9  
  129  9:00  Zergling x2  
  129  9:01  Zergling x8  
  105  9:10  Zergling x2, Roach  
  105  9:11  Roach x2  
  105  9:12  Roach  
  89  9:27  Drone x6  
  89  9:28  Drone x6  
  98  9:32  Zergling x4  
  96  9:51  Evolution Chamber  
  93  10:04  Roach x3  
  93  10:05  Roach x12  
  104  10:16  Roach x4  
  82  10:35  Roach  
  82  10:36  Roach x5  
  86  10:45  Drone x5  
Tags
 
League
Diamond
Matchup
ZvZ
Race
Zerg
Replay Pack
June 2025
Spawn Locations
Cross Positions
Add a new tag
Caveats
  • Supply blocks, unpowered buildings, or Contaminate may cause inaccurate times.
  • Supply counts are checked every 10 seconds.